Map: Dusty Gorge

Players

QuitDedGame

  • Race: Terran Terran
  • Spawn Location: 11:00

Chris

  • Race: Protoss Protoss
  • League: Master
  • Spawn Location: 9:00

Adversity - Winner!

  • Race: Terran Terran
  • Spawn Location: 3:00

NightGamer - Winner!

  • Race: Zerg Zerg
  • League: Master
  • Spawn Location: 5:00

VOD

Have the link to the VOD?

Description

Time

  • Played on: Oct. 9, 2018, 7:37 a.m.
  • Length: 3:37
Show
View Real Time Build Order
Export as new Build Order

QuitDedGame Terran 

Build Orders: Reaper Expand 

Get SALT Encoding   

  12  0:00  SCV  
  13  0:13  SCV  
  14  0:17  Supply Depot  
  14  0:25  SCV  
  15  0:39  SCV  
  15  0:41  Barracks  
  16  0:46  Refinery  
  16  0:51  SCV  
  17  1:03  SCV  
  18  1:15  SCV  
  19  1:31  Orbital Command  
  19  1:32  Reaper  
  20  1:51  Command Center  
  20  1:58  SCV  
  21  2:04  Reaper  
  21  2:08  Supply Depot  
  22  2:13  SCV  
  23  2:29  Factory  
  22  2:32  SCV  
  16  3:08  SCV  
  3  3:20  SCV  
Show
View Real Time Build Order
Export as new Build Order

Chris Protoss 

Build Orders:  

Get SALT Encoding   

  12  0:06  Probe  
  13  0:18  Probe  
  14  0:22  Pylon  
  14  0:30  Probe  
  15  0:39  Probe  
  15  0:40  Gateway  
  16  0:47  Probe  
  16  0:53  Assimilator  
  16  0:56  Probe  
  18  1:07  Pylon  
  18  1:13  Probe  
  19  1:25  Probe  
  20  1:27  Cybernetics Core  
  20  1:29  Zealot  
  22  1:37  Probe  
  23  1:40  Assimilator  
  23  1:49  Probe  
  24  2:01  Probe  
  24  2:05  Robotics Facility  
  25  2:19  Stalker  
  27  2:31  Pylon  
  27  2:47  Nexus  
  27  2:55  Observer  
  27  2:56  Sentry  
Show
View Real Time Build Order
Export as new Build Order

Adversity Terran - Winner!

Build Orders:  

Get SALT Encoding   

  12  0:01  SCV  
  13  0:13  SCV  
  14  0:23  Supply Depot  
  14  0:25  SCV  
  15  0:35  Refinery  
  15  0:44  SCV  
  15  0:47  Barracks  
  16  0:56  SCV  
  17  1:03  Barracks  
  17  1:17  Barracks  
  17  1:21  SCV  
  18  1:34  Reaper  
  19  1:40  Orbital Command  
  19  1:50  Refinery  
  19  1:51  Reaper  
  20  2:01  Supply Depot  
  20  2:05  Reaper  
  21  2:12  SCV  
  21  2:13  Reaper  
  23  2:25  Reaper, SCV  
  25  2:35  Supply Depot  
  25  2:39  SCV  
  25  2:43  Reaper  
  27  2:50  Reaper  
  28  2:59  Reaper  
  27  3:16  SCV  
  27  3:18  Command Center  
Show
View Real Time Build Order
Export as new Build Order

NightGamer Zerg - Winner!

Build Orders: 1 Base Baneling Bust, Pool Only 

Get SALT Encoding   

  12  0:01  Drone  
  13  0:09  Drone  
  13  0:13  Extractor  
  13  0:16  Drone  
  14  0:36  Spawning Pool  
  14  0:40  Drone  
  14  0:50  Overlord  
  14  1:22  Zergling x4  
  14  1:23  Zergling x2  
  17  1:25  Metabolic Boost  
  17  1:36  Zergling x2  
  18  1:46  Baneling Nest  
  18  1:47  Zergling x2  
  18  1:58  Zergling x2  
  20  2:08  Zergling x2  
  20  2:15  Extractor  
  18  2:17  Zergling x2  
  19  2:30  Zergling x2  
  20  2:41  Zergling x2  
  20  2:46  Baneling x2  
  20  2:52  Baneling  
  20  2:53  Baneling x2  
  20  2:54  Zergling x2  
  20  3:16  Zergling x4  
Tags
 
Add a new tag
Caveats
  • Supply blocks, unpowered buildings, or Contaminate may cause inaccurate times.
  • Supply counts are checked every 10 seconds.